 Dungeon Crawl Stone Soup version 0.18-a0-142-gfdd910a (webtiles) character file.

41647 McCoppin the Grappler (level 13, 0/184 HPs)
             Began as a Troll Monk on Nov 23, 2015.
             Was the Champion of Ru.
             Slain by a death yak (18 damage)
             ... on level 7 of the Lair of Beasts.
             The game lasted 01:04:25 (15606 turns).

McCoppin the Grappler (Troll Monk)                 Turns: 15606, Time: 01:04:25

Health: 0/184      AC: 18    Str: 29    XL:     13   Next: 81%
Magic:  17/17      EV: 12    Int:  6    God:    Ru [******]
Gold:   899        SH:  0    Dex: 14    Spells: 0 memorised, 12 levels left

rFire  + . .     SeeInvis .       - Unarmed
rCold  x . .     Clarity  +     T - +1 fire dragon armour
rNeg   . . .     SustAt   .     (no shield)
rPois  +         Gourm    +     (helmet restricted)
rElec  .         Spirit   .     i - +0 cloak
rCorr  .         Warding  .     (gloves unavailable)
rMut   .         Stasis   .     (boots unavailable)
MR     .....                    I - amulet of rage
Stlth  ..........               Y - ring of poison resistance
                                N - ring of protection from cold

@: berserking (expiring), no potions, very quick, not resistant to hostile
enchantments, extremely unstealthy
A: unfitting armour, claws 3, slimy green scales 1, blink, clarity, fast
metabolism 3, gourmand, low mp 1, regeneration 2, shaggy fur 1, spit poison 1,
tough skin 2, inability to drink while threatened, no earth magic, no necromancy
magic, no summoning magic, missing an eye, temperature sensitive
a: Spit Poison, Blink, Draw Out Power, Power Leap, Apocalypse, Renounce
Religion, Evoke Berserk Rage


You were on level 7 of the Lair of Beasts.
You worshipped Ru.
Ru was exalted by your worship.
You were very full.

You visited 3 branches of the dungeon, and saw 20 of its levels.
You also visited: Bailey.

You collected 1037 gold pieces.
You spent 138 gold pieces at shops.

Inventory:

Hand Weapons
 G - a +1 blowgun
Missiles
 w - 8 needles of confusion
 y - a throwing net
 F - 39 poisoned needles
 O - 16 large rocks (quivered)
Armour
 a - a +0 large shield of fire resistance
 i - a +0 cloak (worn)
 q - a +0 shield
 T - a +1 fire dragon armour (worn)
Jewellery
 I - an amulet of rage (around neck)
 L - an uncursed ring of see invisible
 N - a ring of protection from cold (left claw)
 Y - a ring of poison resistance (right claw)
Wands
 v - a wand of lightning (7)
 z - a wand of teleportation (3)
 A - a wand of slowing (25)
 J - a wand of draining (5)
 M - a wand of slowing (25)
 P - a wand of random effects (20)
 U - a wand of random effects (22)
Scrolls
 f - 8 scrolls of teleportation
 g - 12 scrolls of fog
 k - 4 scrolls of noise
 p - 5 scrolls of remove curse
 r - 3 scrolls of immolation
 u - 3 scrolls of magic mapping
 x - a scroll of blinking
 D - 2 scrolls of recharging
 X - a scroll of amnesia
 Z - 2 scrolls of enchant weapon
Potions
 c - 3 potions of might
 e - 2 potions of agility
 j - 7 potions of curing
 l - 4 potions of brilliance
 n - a potion of magic
 o - 4 potions of flight
 s - 3 potions of heal wounds
 B - a potion of ambrosia
 C - 3 potions of berserk rage
 K - a potion of lignification
 Q - a potion of cure mutation
 V - a potion of cancellation
Comestibles
 b - 9 bread rations
 d - 9 beef jerkies
 h - 10 chunks of flesh
 m - 10 meat rations
 t - 2 royal jellies
 E - 4 slices of pizza
 H - 15 fruits


   Skills:
 - Level 6.6 Fighting
 - Level 8.4 Armour
 - Level 8.0 Dodging
 - Level 1.1 Stealth
 + Level 7.7 Shields
 - Level 11.2 Unarmed Combat
 - Level 10.2 Evocations


You had 12 spell levels left.
You didn't know any spells.

Dungeon Overview and Level Annotations

Branches:
Dungeon (11/15)            Temple (0/1) D:7            Lair (8/8) D:11
 Shoals (1/4) Lair:5        Snake (0/4) Lair:3
  Slime: Lair:6-8       Orc: D:9-12

Altars:
Dithmenos
Elyvilon
Fedhas
Makhleb
Qazlal
Ru
Trog
Yredelemnul

Shops:
D:6 (}?%?   D:8 }(   D:11 %

Annotations:
Shoals:1 Josephine


Innate Abilities, Weirdness & Mutations

You are too large for most types of armour.
You have claws for hands.
Your metabolism is lightning-fast.
You like to eat raw meat.
Your magical capacity is low (-10% MP).
You heal very quickly.
You are covered in fur (AC +1).
You have very tough skin (AC +2).
You cannot drink potions while threatened.
You cannot study or cast Earth magic.
You cannot study or cast Necromancy magic.
You cannot study or cast Summoning magic.
You are missing an eye, making it more difficult to aim.
You are sensitive to extremes of temperature (rF-, rC-).
You are partially covered in slimy green scales (AC +2).
You can translocate small distances at will.
You possess an exceptional clarity of mind.
You can spit weak poison.


Message History

You kill the death yak!
The porcupine bites you but does no damage.
The death yak gores you.
* * * LOW HITPOINT WARNING * * *
You scratch the death yak.
The death yak is lightly wounded.
The porcupine bites you but does no damage.
You claw the death yak!
The death yak is moderately wounded.
The death yak gores you!
* * * LOW HITPOINT WARNING * * *
The porcupine barely misses you.
You closely miss the death yak.
The death yak is moderately wounded.
The death yak barely misses you.
The porcupine is stunned by your will and fails to attack.
You mangle the death yak!! Your claw misses the death yak.
The death yak is severely wounded.
The porcupine closely misses you. The death yak gores you!!
You die...

....###.###.. ..... .....
.#..... ####..... .....
........####..#.....
..........................
....................<.....
.... .....................
.................r........
............>..Y#r.#
.......P.......S@##†.#
......P.....†...## ..#
...##.PPP.P.....###...#
..#...#.P...............
...#.............#.....P.
..#.#...P#......## ...##..
...#.....#......## .... ..
..P#...##........#
..P#..#.##.......#


You could see a death yak, a water moccasin and 2 porcupines.

Vanquished Creatures
  A fire dragon (Lair:2)
  A hydra (Lair:3)
  A queen ant (Lair:2)
  7 death yaks
  Urug (Lair:3)
  A fire crab (Lair:6)
  2 sea snakes
  5 hill giants
  2 griffons
  2 cyclopes (D:11)
  A manticore (Shoals:1)
  5 black mambas
  A centaur skeleton (D:11)
  7 komodo dragons
  12 spiny frogs
  A fire drake (Lair:7)
  A polar bear (Lair:6)
  8 blink frogs
  A deep elf mage (D:9)
  54 yaks
  2 hungry ghosts
  A wraith (Shoals:1)
  8 hippogriffs
  2 basilisks
  4 wyverns (Lair:6)
  3 wolves (Lair:3)
  A vampire mosquito (Lair:8)
  11 porcupines
  10 soldier ants (Lair:2)
  An orc warrior (D:8)
  6 water moccasins
  2 ice beasts
  2 black bears (D:6)
  3 centaurs
  2 sky beasts
  A phantom (D:4)
  A wasp (D:11)
  2 big kobolds (D:7)
  7 ogres
  12 crocodiles
  26 giant frogs
  A water moccasin skeleton (D:9)
  A wyvern zombie (D:11)
  4 scorpions
  3 killer bees (D:8)
  An electric eel (Lair:5)
  8 wights
  2 crimson imps
  A giant frog zombie (D:11)
  2 quasits (D:9)
  3 giant frog skeletons
  Ijyb (D:3)
  2 jellies
  An orc priest (D:11)
  4 orc wizards
  3 hounds
  Terence (D:3)
  Natasha (thrice) (D:4)
  4 hell rats (Lair:2)
  9 iguanas
  15 worker ants
  10 sheep
  A killer bee zombie (D:8)
  A hound skeleton (D:4)
  A hound zombie (D:7)
  2 worker ant zombies
  15 adders
  24 river rats
  A shadow imp (D:9)
  An adder zombie (D:8)
  4 worms
  3 giant geckos
  26 orcs
  9 bats
  2 giant cockroaches (D:2)
  4 hobgoblins
  10 jackals
  17 kobolds
  9 quokkas
  A ball python (D:2)
  A giant gecko skeleton (D:4)
  A giant gecko zombie (D:8)
  6 giant newts
  5 goblins
  A quokka skeleton (D:9)
  5 rats
  A spectral orc (D:3)
  A butterfly (Lair:7)
  9 plants
461 creatures vanquished.

Vanquished Creatures (others)
  A blink frog (Lair:6)
  A wyvern (Lair:6)
  A yak (D:10)
  2 hell rats (Lair:2)
  An orc (D:6)
  7 fungi
  6 plants
19 creatures vanquished.

Grand Total: 480 creatures vanquished

Notes
Turn   | Place    | Note
--------------------------------------------------------------
     0 | D:1      | McCoppin the Troll Monk began the quest for the Orb.
     0 | D:1      | Reached XP level 1. HP: 22/22 MP: 0/0
   253 | D:1      | Reached XP level 2. HP: 29/29 MP: 1/1
   754 | D:2      | Reached XP level 3. HP: 27/36 MP: 2/2
   982 | D:2      | Reached XP level 4. HP: 43/45 MP: 3/3
  1050 | D:2      | Reached skill level 5 in Unarmed Combat
  1348 | D:3      | Noticed Ijyb
  1355 | D:3      | Killed Ijyb
  1455 | D:3      | Found a faded altar to an unknown god.
  1466 | D:3      | Became a worshipper of Ru the Awakened
  1471 | D:3      | Gained mutation: You are sensitive to extremes of temperature (rF-, rC-). [Ru sacrifice]
  1471 | D:3      | Reached * piety under Ru
  1471 | D:3      | Reached ** piety under Ru
  1471 | D:3      | Reached *** piety under Ru
  1491 | D:3      | Found a basalt altar of Yredelemnul.
  1602 | D:3      | Reached XP level 5. HP: 54/54 MP: 4/4
  1746 | D:3      | Noticed Terence
  1760 | D:3      | Killed Terence
  1916 | D:3      | Found a white marble altar of Elyvilon.
  2285 | D:4      | Noticed Natasha
  2295 | D:4      | Killed Natasha
  2421 | D:4      | Reached XP level 6. HP: 62/62 MP: 5/5
  2538 | D:4      | Reached skill level 6 in Unarmed Combat
  2544 | D:4      | Found a burning altar of Makhleb.
  2546 | D:4      | Found a shadowy altar of Dithmenos.
  2795 | D:4      | Noticed Natasha
  2809 | D:4      | Killed Natasha
  3014 | D:4      | Reached skill level 5 in Fighting
  3022 | D:4      | Noticed Natasha
  3031 | D:4      | Killed Natasha
  3101 | D:5      | Entered Level 5 of the Dungeon
  3151 | D:5      | Reached XP level 7. HP: 63/72 MP: 6/6
  3159 | D:5      | Reached skill level 7 in Unarmed Combat
  3271 | D:5      | Gained mutation: You are missing an eye, making it more difficult to aim. [Ru sacrifice]
  3271 | D:5      | Reached **** piety under Ru
  3429 | D:5      | Reached skill level 8 in Unarmed Combat
  3574 | D:6      | Found Nepoe's Food Shop.
  3585 | D:6      | Reached XP level 8. HP: 68/80 MP: 7/7
  3688 | D:6      | Reached skill level 9 in Unarmed Combat
  3717 | D:6      | Found Eloef's Magic Scroll Shoppe.
  3720 | D:6      | Bought a scroll of teleportation for 39 gold pieces
  3720 | D:6      | Bought a scroll of identify for 26 gold pieces
  3720 | D:6      | Bought a scroll of magic mapping for 45 gold pieces
  3779 | D:6      | Found Zaett's Magic Scroll Boutique.
  3787 | D:6      | Bought a scroll of identify for 28 gold pieces
  3794 | D:6      | Found Fany's Weapon Shop.
  3879 | D:6      | Found Kikho's Gadget Shop.
  4424 | D:7      | Reached skill level 10 in Unarmed Combat
  4536 | D:7      | Found a flagged portal.
  4576 | Bailey   | Entered a bailey
  4576 | Bailey   | Noticed an orc knight
  4805 | D:7      | Noticed a hill giant
  4816 | D:7      | HP: 3/80 [hill giant/giant club (20)]
  4854 | D:7      | Killed a hill giant
  4854 | D:7      | Reached skill level 5 in Dodging
  4854 | D:7      | Reached XP level 9. HP: 23/88 MP: 5/8
  5061 | D:7      | Found a staircase to the Ecumenical Temple.
  5401 | D:7      | Found a stormy altar of Qazlal.
  5820 | D:8      | Gained mutation: You cannot drink potions while threatened. [Ru sacrifice]
  5820 | D:8      | Reached ***** piety under Ru
  5916 | D:8      | Found Taibb's Gadget Shoppe.
  6390 | D:8      | Found Fecsav's Weapon Emporium.
  6561 | D:8      | Found a bloodstained altar of Trog.
  6561 | D:8      | Found a blossoming altar of Fedhas.
  7165 | D:9      | Reached skill level 1 in Evocations
  7253 | D:9      | Reached XP level 10. HP: 90/96 MP: 10/10
  7289 | D:9      | Noticed a hill giant
  7303 | D:9      | Killed a hill giant
  7394 | D:9      | Gained mutation: Your magical capacity is low (-10% MP). [Ru sacrifice]
  7483 | D:9      | Reached skill level 5 in Evocations
  7579 | D:10     | Entered Level 10 of the Dungeon
  7815 | D:10     | Noticed a hill giant
  7823 | D:10     | Killed a hill giant
  8195 | D:10     | Noticed a hill giant
  8203 | D:10     | Killed a hill giant
  8423 | D:11     | Found Xammist's Food Shop.
  8499 | D:11     | Reached XP level 11. HP: 93/102 MP: 13/13
  8617 | D:11     | Found a staircase to the Lair.
  9050 | D:11     | Gained mutation: You are partially covered in slimy green scales (AC +2). [mutagenic meat]
  9051 | D:11     | Gained mutation: You can translocate small distances at will. [mutagenic meat]
  9052 | D:11     | Gained mutation: You possess an exceptional clarity of mind. [mutagenic meat]
  9054 | D:11     | Gained mutation: You can spit weak poison. [mutagenic meat]
  9079 | D:11     | Noticed a hill giant
  9087 | D:11     | Killed a hill giant
  9088 | D:11     | Gained mutation: You cannot study or cast Earth magic. [Ru sacrifice]
  9088 | D:11     | Gained mutation: You cannot study or cast Necromancy magic. [Ru sacrifice]
  9088 | D:11     | Gained mutation: You cannot study or cast Summoning magic. [Ru sacrifice]
  9088 | D:11     | Reached ****** piety under Ru
  9241 | Lair:1   | Entered Level 1 of the Lair of Beasts
 10360 | Lair:2   | Reached skill level 10 in Evocations
 10711 | Lair:1   | Reached XP level 12. HP: 34/113 MP: 16/16
 10883 | Lair:2   | Found a bloodstained altar of Trog.
 11031 | Lair:2   | Reached skill level 11 in Unarmed Combat
 11223 | Lair:2   | Noticed a fire dragon
 11237 | Lair:2   | Killed a fire dragon
 11265 | Lair:2   | Got a pitted mace
 11346 | Lair:2   | Reached skill level 1 in Armour
 11927 | Lair:3   | Found a staircase to the Snake Pit.
 11930 | Lair:3   | Noticed Urug
 11944 | Lair:3   | Killed Urug
 12064 | Lair:3   | Noticed a seven-headed hydra
 12092 | Lair:3   | Killed a seven-headed hydra
 12169 | Lair:3   | Reached skill level 5 in Armour
 13280 | Lair:5   | Identified the cursed +2 mace of Invincibility {crush, rC++ Dex-5} (You found it on level 2 of the Lair of Beasts)
 13325 | Lair:5   | Found a staircase to the Shoals.
 13446 | Lair:5   | Reached XP level 13. HP: 91/123 MP: 17/17
 13478 | Shoals:1 | Entered Level 1 of the Shoals
 13743 | Shoals:1 | Noticed Josephine
 14161 | Lair:5   | Identified a scroll of acquirement
 14288 | Lair:6   | Reached skill level 1 in Shields
 14989 | Lair:6   | Reached skill level 5 in Shields
 15171 | Lair:6   | You fall through a shaft for 2 floors!
 15171 | Lair:8   | Entered Level 8 of the Lair of Beasts
 15606 | Lair:7   | Slain by a death yak

Vault maps used:
D:1:      lightli_arrival_noodles
D:2:      kennysheep_six_static_rooms, kennysheep_generic_room_11
D:3:      yredelemnul_forgotten_temple_becter, old_standard_altar,
          ecumenical_altar_1, uniq_terence, uniq_iyjb
D:4:      grunt_temple_overflow_open, uniq_natasha
D:5:      first_bread
D:6:      serial_shops, shop, shop, nicolae_shop_temple_entry_statues_fountains,
          nicolae_shop_crystal, shop, hangedman_decor_growths, eino_curves_03
D:7:      kennysheep_mini_moat, temple_green, enter_bailey_2,
          kennysheep_generic_room_12
D:8:      gammafunk_temple_overflow_wave, serial_shops, shop, shop
D:11:     lair_0_dummy, serial_shops, nicolae_shop_scaring_up_business
Lair:1:   hangedman_lair_generics_rect
Lair:2:   dragon1_lemuel, basic_altar, minmay_another_anthill,
          grunt_megastairs_1
Lair:3:   dummy_snake_entry, uniq_urug
Lair:4:   statuecave_lemuel
Lair:5:   elwin_shoals_entry_rocks, serial_forest, infiniplex_forest_fountain,
          infiniplex_forest_clump_tiny, infiniplex_forest_clump_double,
          infiniplex_forest_end_2, infiniplex_forest_clump_double,
          infiniplex_forest_lined_3, infiniplex_forest_straight_3,
          infiniplex_forest_lined_2, infiniplex_staircase_pool
Lair:6:   beast_lair_carwin_9, grunt_megastairs_4, serial_bayou_shore_a
Lair:7:   lemuel_fruit_fields
Lair:8:   minmay_lair_end_frog_pond, slime_altar_1, minivault_27
Shoals:1: uniq_josephine
Bailey:   bailey_polearm_4, bailey

Action                   |  1- 3 |  4- 6 |  7- 9 | 10-12 | 13-15 || total
-------------------------+-------+-------+-------+-------+-------++-------
Melee: Unarmed           |    85 |   155 |   337 |   867 |   418 ||  1862
Invok: Sacrifice Resista |       |     1 |       |       |       ||     1
       Power Leap        |       |       |     6 |    16 |     2 ||    24
       Sacrifice an Eye  |       |       |     1 |       |       ||     1
       Sacrifice Drink   |       |       |     1 |       |       ||     1
       Sacrifice Essence |       |       |       |     1 |       ||     1
       Draw Out Power    |       |       |       |     1 |     1 ||     2
       Apocalypse        |       |       |       |     1 |     1 ||     2
       Sacrifice Arcana  |       |       |       |     1 |       ||     1
 Abil: Evoke Berserk Rag |       |       |       |       |     1 ||     1
Evoke: Wand              |       |       |       |    13 |       ||    13
  Use: Scroll            |       |     5 |     5 |    12 |     6 ||    28
       Potion            |       |       |     2 |       |     2 ||     4
 Stab: Sleeping          |     2 |     1 |     3 |     3 |       ||     9
       Distracted        |     1 |     1 |     1 |     8 |     2 ||    13
       Invisible         |       |       |    10 |    14 |    11 ||    35
       Paralysed         |       |       |     2 |    25 |     7 ||    34
  Eat: Chunk             |    11 |    16 |    39 |    74 |    23 ||   163
